 Dungeon Crawl Stone Soup version 0.31-a0-263-ge8cad7f256 (webtiles) character file.

Game seed: 2954898811188287031

136 qw the Shooter (level 4, 0/37 HPs)
             Began as a Minotaur Hexslinger on July 13, 2023.
             Slain by an orc
             ... wielding a +0 hand axe
              (3 damage)
             ... on level 3 of the Dungeon.
             The game lasted 00:00:35 (1276 turns).

qw the Shooter (Minotaur Hexslinger)                Turns: 1276, Time: 00:00:36

Health: 0/37       AC:  4    Str: 12    XL:     4   Next: 98%
Magic:  4/4        EV: 12    Int: 10    God:
Gold:   100        SH:  0    Dex: 15    Spells: 4/5 levels left

rFire   . . .        Y - +1 sling (flame)
rCold   . . .        (no shield)
rNeg    . . .        e - +0 leather armour
rPois   .            (helmet restricted)
rElec   .            (no cloak)
rCorr   .            (no gloves)
SInv    .            g - +0 pair of boots
Will    .....        (no amulet)
Stlth   +            (no ring)
HPRegen 0.26/turn    (no ring)
MPRegen 0.09/turn

%: no passive effects
@: about to teleport
A: horns 2, retaliatory headbutt
a: no special abilities


You were on level 3 of the Dungeon.
You visited 1 branch of the dungeon, and saw 3 of its levels.

You collected 100 gold pieces.


Innate Abilities, Weirdness & Mutations

You have a pair of horns on your head.
You reflexively headbutt those who attack you in melee.


   Skills:
 + Level 2.7 Fighting
 - Level 5.2 Ranged Weapons
 - Level 2.1 Dodging
 - Level 1.0 Spellcasting
 - Level 2.0 Hexes


You had 4 spell levels left.
You knew the following spells:

 Your Spells              Type           Power      Damage    Failure   Level
a - Slow                  Hex            16%        N/A       19%         1

Your spell library contained the following spells:

 Spells                   Type           Power      Damage    Failure   Level
 Inner Flame              Hex/Fire       2%         N/A       65%         3
 Portal Projectile        Hex/Tloc       4%         N/A       65%         3
 Cause Fear               Hex            2%         N/A       88%         4

Inventory:

Hand Weapons
 Y - a +1 sling of flaming (weapon)
Armour
 e - a +0 leather armour (worn)
 g - a +0 pair of boots (worn)
Scrolls
 b - a scroll of teleportation
Potions
 f - a potion of degeneration {unknown}
 h - a potion of enlightenment {unknown}

Dungeon Overview and Level Annotations

Branches:
Dungeon (3/15)

Altars:

Annotations:
D:3 Robin


Message History

The orc priest is moderately wounded.
Robin throws the goblin at you! The goblin misses you. You furiously retaliate!
You headbutt the goblin. You shoot a sling bullet.
The sling bullet closely misses the goblin.
The orc priest miscasts a cantrip.
A goblin comes into view. It is wielding a +0 dagger.
The goblin closely misses you.
Robin says, "Duck!"
You shoot a sling bullet. The goblin shouts!
The sling bullet hits the goblin.
The sling bullet burns the goblin.
You kill the goblin!
Robin roars a battlecry!
The goblins go into a battle-frenzy!
You shoot a sling bullet.
The sling bullet completely misses the orc priest.
The sling bullet closely misses the goblin.
Robin throws the goblin at you!
The orc priest mumbles some strange prayers to Beogh against you.
You barely resist. The goblin closely misses you. You furiously retaliate!
You headbutt the goblin.
You kill the goblin!
The orc barely misses you.
You shoot a sling bullet.
The sling bullet barely misses the orc priest.
The sling bullet hits the goblin.
The sling bullet burns the goblin.
The goblin is severely wounded.
An orc comes into view. It is wielding a +0 flail.
The orc priest calls down the wrath of Beogh upon you.
Beogh smites you! The orc misses you. You furiously retaliate!
You headbutt the orc. The goblin closely misses you. The orc misses you.
The orc priest calls upon Beogh to heal the orc.
The orc's wounds heal themselves!
The orc shouts!
1276 ||| READING 2 scrolls of teleportation.
As you read the scroll of teleportation, it crumbles to dust.
You feel strangely unstable. The orc hits you with a +0 hand axe.
You die...

######## ##.
...<...# ###
...
.#####.####
#.. .....
#....# #.#
...o. ####.#
#.##.)...
#%# #..o.g)
#.# +)o.#
#.#.####@og#
#.#....))g.#
#.#####....#
#.#####....#
#..........#
########...#
#####


You could see Robin, an orc priest, 3 orcs and 2 goblins.

Vanquished Creatures
  Natasha (thrice) (D:2)
  A worm (D:2)
  2 dart slugs
  3 orcs (D:3)
  A bat (D:1)
  4 endoplasms
  5 giant cockroaches
  8 goblins
  6 hobgoblins
  2 kobolds
  3 quokkas (D:1)
  2 ball pythons
  A frilled lizard (D:1)
  4 rats
45 creatures vanquished.

Notes
Turn   | Place    | Note
-------+----------+-------------------------------------------
     0 | D:1      | qw the Minotaur Hexslinger began the quest for the Orb.
     0 | D:1      | Reached XP level 1. HP: 16/16 MP: 1/1
     0 | D:1      | 0 ||| qw: Version: 0.3-a-52-g30416fa
     0 | D:1      | 0 ||| qw: Game counter: 7383
     0 | D:1      | 0 ||| qw: Melee chars always use a shield: true
     0 | D:1      | 0 ||| qw: God list: Okawaru
     0 | D:1      | 0 ||| qw: Allow faded altars: false
     0 | D:1      | 0 ||| qw: Do Orc after clearing Dungeon:15 true
     0 | D:1      | 0 ||| qw: Do second Lair branch before Depths: true
     0 | D:1      | 0 ||| qw: Lair rune preference: random
     0 | D:1      | 0 ||| qw: Goals: Normal
     0 | D:1      | 0 ||| PLANNING D:1-11
    96 | D:1      | 96 ||| Stepping ~*~*~tactically~*~*~ (outnumbered).
   206 | D:1      | Reached skill level 3 in Ranged Weapons
   209 | D:1      | Reached XP level 2. HP: 23/23 MP: 2/2
   545 | D:1      | 545 ||| UPGRADING to +0 pair of boots.
   550 | D:1      | 550 ||| READING scroll labelled SIMNUGO MEWUL.
   551 | D:1      | 551 ||| READING scroll labelled YPHOWN TOYR.
   554 | D:1      | 554 ||| DROPPING scroll of poison.
   598 | D:2      | Noticed Natasha
   603 | D:2      | HP: 5/24 [Natasha/magic dart (5)]
   603 | D:2      | HP: 2/24 [cerulean imp/+2 spear[Natasha] (3)]
   604 | D:2      | Killed Natasha
   605 | D:2      | Reached skill level 4 in Ranged Weapons
   605 | D:2      | Reached XP level 3. HP: 2/29 MP: 3/3
   807 | D:2      | Noticed Natasha
   808 | D:2      | 808 ||| FLEEEEING.
   809 | D:2      | 809 ||| FLEEEEING.
   814 | D:2      | 814 ||| FLEEEEING.
   815 | D:2      | 815 ||| FLEEEEING.
   816 | D:2      | 816 ||| FLEEEEING.
   817 | D:2      | 817 ||| FLEEEEING.
   818 | D:2      | 818 ||| FLEEEEING.
   819 | D:2      | 819 ||| FLEEEEING.
   822 | D:2      | 822 ||| FLEEEEING.
   823 | D:2      | 823 ||| FLEEEEING.
   829 | D:2      | Killed Natasha
   830 | D:2      | Reached XP level 4. HP: 18/36 MP: 4/4
   831 | D:2      | 831 ||| STAIRDANCE
   894 | D:1      | 894 ||| READING scroll labelled BOMPIRPHUCEA.
  1039 | D:2      | Noticed Natasha
  1045 | D:2      | Killed Natasha
  1046 | D:2      | Reached skill level 5 in Ranged Weapons
  1210 | D:2      | 1210 ||| UPGRADING to +0 leather armour.
  1220 | D:2      | 1220 ||| DROPPING +0 robe.
  1221 | D:2      | 1221 ||| READING scroll labelled LIMIRO AMUI.
  1222 | D:2      | 1222 ||| READING scroll labelled YBUORGH JAOT.
  1270 | D:3      | Noticed Robin
  1275 | D:3      | HP: 3/37 [orc priest/divine providence (16)]
  1276 | D:3      | 1276 ||| READING 2 scrolls of teleportation.
  1276 | D:3      | Slain by an orc

Levels and vault maps discovered:
D:1:      kilobyte_arrival_exit_the_forest, layout_rooms,
          kennysheep_another_room
D:2:      layout_rooms, hangedman_decor_growths, uniq_natasha
D:3:      layout_basic, uniq_robin, uniq_pargi, uniq_jessica

Skill      XL: |  1  2  3  4 |
---------------+-------------+-----
Ranged Weapons | 3 4 5 |  5.2
Fighting       | 2 |  2.7
Dodging        | |  2.1
Spellcasting   | |  1.0
Hexes          | |  2.0

Action                     |  1- 3 |  4- 6 || total
---------------------------+-------+-------++-------
   Fire: Sling             |    71 |    37 ||   108
    Use: Scroll            |     2 |     4 ||     6
 Armour: Robe              |     4 |       ||     4
         Leather armour    |       |     7 ||     7
  Dodge: Dodged            |    14 |    24 ||    38

Table legend:
 A = Non-vault XP
 B = Vault XP
 C = Vault XP percentage of total XP
 D = Non-vault monster count
 E = Vault monster count
 F = Vault count percentage of total count
                 A         B        C        D         E       F
            +---------+---------+-------+---------+---------+-------
      Total |     143 |      52 |  26.7 |      36 |       9 |  20.0
            +---------+---------+-------+---------+---------+-------
        D:1 |      33 |       0 |   0.0 |      17 |       0 |   0.0
        D:2 |      96 |      36 |  27.3 |      14 |       1 |   6.7
        D:3 |      14 |      16 |  53.3 |       5 |       8 |  61.5
            +---------+---------+-------+---------+---------+-------
